 Dungeon Crawl Stone Soup version 0.18.1-50-g88ac8fd (webtiles) character file.

1176 LowPressure the Poker (level 8, -21/61 HPs)
             Began as a Demonspawn Gladiator on Sept 20, 2016.
             Was an Initiate of Ashenzari.
             Demolished by an ogre
             ... wielding a +0 giant club
              (25 damage)
             ... on level 5 of the Dungeon.
             The game lasted 00:20:35 (4964 turns).

LowPressure the Poker (Demonspawn Gladiator)        Turns: 4964, Time: 00:20:35

Health: -21/61     AC: 11    Str: 18    XL:     8   Next: 18%
Magic:  0/8        EV: 11    Int:  9    God:    Ashenzari [......]
Gold:   193        SH:  0    Dex: 14    Spells: 0 memorised, 7 levels left

rFire  . . .     SeeInvis .     a - +0 trident
rCold  . . .     Gourm    .     v - +0 scale mail (curse)
rNeg   . . .     Faith    .     (no shield)
rPois  .         Spirit   +     (helmet restricted)
rElec  .         Dismiss  .     z - +0 cloak
rCorr  .         Reflect  .     (no gloves)
SustAt .         Harm     .     r - +2 pair of boots (curse)
MR     .....                    (no amulet)
Stlth  ..........               (no ring)
                                o - ring of flight

@: not resistant to hostile enchantments, extremely unstealthy
A: claws 1, hooves 1, horns 1, magic shield, magic regeneration
a: Curse Item, Renounce Religion, Evoke Flight


You were on level 5 of the Dungeon.
You worshipped Ashenzari.
Ashenzari was noncommittal.
You were not hungry.

You visited 2 branches of the dungeon, and saw 6 of its levels.

You collected 193 gold pieces.

Inventory:

Hand Weapons
 a - a +0 trident (weapon)
 j - a +0 vampiric dagger
 B - a +2 morningstar of flaming
 C - a +0 dagger of venom
Missiles
 d - 3 throwing nets (quivered)
Armour
 b - a +0 leather armour
 c - a +0 helmet
 i - a +0 shield
 m - a +0 ring mail
 r - a cursed +2 pair of boots (worn)
 v - a cursed +0 scale mail (worn)
 z - a +0 cloak (worn)
Jewellery
 o - a ring of flight (left claw)
Scrolls
 e - a scroll of amnesia {unknown}
 l - a scroll of enchant armour {unknown}
 p - 2 scrolls of immolation {unknown}
 q - 2 scrolls of fog {unknown}
 w - a scroll of noise {unknown}
 x - 4 scrolls of identify {unknown}
 D - a scroll of teleportation {unknown}
 E - a scroll of fear {unknown}
Potions
 h - 2 potions of flight
 s - a potion of heal wounds
 t - a potion of lignification {unknown}
 u - a potion of degeneration {unknown}
 A - a potion of berserk rage {unknown}
Comestibles
 f - 2 bread rations
 g - 2 slices of pizza
 k - a royal jelly
 n - 3 fruits


   Skills:
 + Level 4.8 Fighting
 + Level 6.6 Polearms
 + Level 1.7 Throwing
 * Level 4.7 Armour
 - Level 3.0 Dodging


You had 7 spell levels left.
You didn't know any spells.

Dungeon Overview and Level Annotations

Branches:
Dungeon (5/15)             Temple (1/1) D:5

Altars:
Ashenzari
Elyvilon
Fedhas
Makhleb
Nemelex Xobeh
Pakellas
Ru
Sif Muna
Vehumet
Xom
Zin
The Shining One

Shops:
D:4 *

Annotations:
D:3 exclusion: downstairs


Innate Abilities, Weirdness & Mutations

You have sharp fingernails.
You have large cloven feet.
You have a pair of small horns on your head.
When hurt, damage is shared between your health and your magic reserves.
You regenerate magic rapidly.


Message History

Your scale mail prevents you from hitting the shadow imp.
You headbutt the shadow imp.
You kill the shadow imp!
You hit the ogre.
The ogre is lightly wounded.
The ogre hits you with a giant club!
* * * LOW HITPOINT WARNING * * *
You puncture the ogre! You headbutt the ogre.
The ogre is heavily wounded.
You hit the ogre.
The ogre is severely wounded.
The ogre hits you with a giant club!
* * * LOW HITPOINT WARNING * * *
You closely miss the ogre.
The ogre is severely wounded.
The ogre barely misses you.
You barely miss the ogre. You headbutt the ogre.
The ogre is almost dead.
The ogre hits you with a giant club!!
You die...

..... .... #.# .....#
#.# ....). #.# ##......
#.# .#.. #. #.# ...
#O### #.# #.# #.@.# #.#
#.#####.####.##########
#......................
#........#####.........
#)#####..# #.##..###.
#)# #..# #.##..# #. #.#
#.># ##.##..# #.
.########.#
#..####...#..###.
..........#
#.......#........


You could see an ogre.

Vanquished Creatures
  The ghost of Perturabo the Shield-Bearer, a novice HOFi (D:4)
  Grinder (D:3)
  A sky beast (D:5)
  A phantom (D:4)
  3 ogres
  A jelly (D:5)
  A giant frog skeleton (D:5)
  3 worker ants (D:4)
  A shadow imp (D:5)
  An ooze (D:4)
  3 worms
  2 dart slugs (D:1)
  2 giant geckos
  13 orcs
  6 bats
  6 giant cockroaches
  9 goblins
  9 hobgoblins
  11 jackals
  2 ball pythons
  7 giant newts
  7 kobolds
  11 rats
102 creatures vanquished.

Notes
Turn   | Place    | Note
--------------------------------------------------------------
     0 | D:1      | LowPressure the Demonspawn Gladiator began the quest for the Orb.
     0 | D:1      | Reached XP level 1. HP: 16/16 MP: 1/1
   504 | D:1      | Gained mutation: You have a pair of small horns on your head. [demonic ancestry]
   504 | D:1      | Reached XP level 2. HP: 19/23 MP: 2/2
   636 | D:1      | Reached skill level 3 in Polearms
   803 | D:1      | Reached XP level 3. HP: 19/28 MP: 3/3
  1757 | D:2      | Gained mutation: You have sharp fingernails. [demonic ancestry]
  1757 | D:2      | Reached XP level 4. HP: 35/35 MP: 4/4
  1833 | D:2      | Found a sacrificial altar of Ru.
  2051 | D:3      | Reached skill level 1 in Armour
  2446 | D:3      | Noticed Grinder
  2457 | D:3      | Paralysed by Grinder for 3 turns
  2468 | D:3      | Paralysed by Grinder for 7 turns
  2476 | D:3      | Killed Grinder
  2476 | D:3      | Reached skill level 4 in Polearms
  2476 | D:3      | Reached XP level 5. HP: 28/41 MP: 5/5
  2476 | D:3      | Gained mutation: You have large cloven feet. [demonic ancestry]
  2476 | D:3      | Reached XP level 6. HP: 32/47 MP: 6/6
  2693 | D:4      | Noticed Perturabo's ghost (novice HOFi)
  3113 | D:4      | Found Oginacox's Assorted Antiques.
  3490 | D:4      | Reached skill level 5 in Polearms
  3678 | D:4      | Killed Perturabo's ghost
  3678 | D:4      | Reached skill level 6 in Polearms
  3678 | D:4      | Gained mutation: When hurt, damage is shared between your health and your magic reserves. [demonic ancestry]
  3678 | D:4      | Reached XP level 7. HP: 12/55 MP: 7/7
  4316 | D:5      | Entered Level 5 of the Dungeon
  4639 | D:5      | Gained mutation: You regenerate magic rapidly. [demonic ancestry]
  4639 | D:5      | Reached XP level 8. HP: 41/61 MP: 3/8
  4756 | D:5      | Found a staircase to the Ecumenical Temple.
  4767 | Temple   | Entered the Ecumenical Temple
  4909 | Temple   | Became a worshipper of Ashenzari the Shackled
  4962 | D:5      | HP: 3/61 [ogre/giant club (12)]
  4964 | D:5      | Demolished by an ogre

Skill      XL: |  1  2  3  4  5  6  7 |
---------------+----------------------+-----
Polearms       | 3 4 6 |  6.6
Dodging        | 3 |  3.0
Fighting       | 3 4 |  4.8
Armour         | 2 3 4 |  4.7
Throwing       | |  1.7

Action                   |  1- 3 |  4- 6 |  7- 9 || total
-------------------------+-------+-------+-------++-------
Melee: Trident           |   149 |   160 |    68 ||   377
       Headbutt          |    21 |    33 |    19 ||    73
Invok: Curse Item        |       |       |     1 ||     1
  Use: Scroll            |     1 |       |       ||     1
       Potion            |       |     3 |       ||     3
  Eat: Chunk             |     3 |     5 |     4 ||    12
       Fruit             |       |     1 |       ||     1
Armor: Leather armour    |    33 |    23 |       ||    56
       Scale mail        |       |    25 |    12 ||    37
Dodge: Dodged            |    95 |    82 |    23 ||   200
Block: Shield            |     8 |       |       ||     8
